 Dungeon Crawl Stone Soup version 0.31-a0-876-gfe8ebadbca (webtiles) character file.

Game seed: 7334845815230691966

471 Naiya55 the Chiller (level 7, 0/55 HPs)
             Began as a Naga Ice Elementalist on Oct 13, 2023.
             Was an Initiate of Cheibriados.
             Slain by a phantom (4 damage)
             ... on level 5 of the Dungeon.
             The game lasted 00:08:06 (4058 turns).

Naiya55 the Chiller (Naga Ice Elementalist)         Turns: 4058, Time: 00:08:07

Health: 0/55       AC:  5    Str: 12    XL:     7   Next: 9%
Magic:  1/10       EV:  9    Int: 18    God:    Cheibriados [......]
Gold:   238        SH:  4    Dex: 12    Spells: 6/10 levels left

rFire   . . .        q - +0 spear
rCold   . . .        x - +0 buckler
rNeg    . . .        a - +0 robe
rPois   +            (no helmet)
rElec   .            h - +0 cloak
rCorr   .            c - +0 pair of gloves
SInv    +            (no barding)
Will    .....        (no amulet)
Stlth   ++           k - ring of fire
HPRegen 0.29/turn    m - ring of ice
MPRegen 0.12/turn

%: no passive effects
@: very slow
A: AC +2, large, see invisible, deformed body, poison resistance, slowness 2,
spit poison 1, naga tail 1
a: Spit Poison, Renounce Religion


You were on level 5 of the Dungeon.
You worshipped Cheibriados.
Cheibriados was noncommittal.
You visited 2 branches of the dungeon, and saw 6 of its levels.

You collected 238 gold pieces.

Inventory:

Hand Weapons
 q - a +0 spear (weapon)
Missiles
 w - 13 poisoned darts
Armour
 a - a +0 robe (worn)
 c - a +0 pair of gloves (worn)
 d - a +3 ring mail
 h - a +0 cloak (worn)
 x - a +0 buckler (worn)
Jewellery
 k - a ring of fire (left hand)
 m - a ring of ice (right hand)
 t - an amulet of the acrobat
 u - a ring of magical power
Wands
 s - a wand of charming (10)
Scrolls
 f - 2 scrolls of amnesia {unknown}
 i - 4 scrolls of identify {unknown}
 l - 3 scrolls of teleportation {unknown}
 n - 2 scrolls of blinking {unknown}
 o - a scroll of noise {unknown}
 p - a scroll of fear {unknown}
 v - a scroll of enchant weapon {unknown}
Potions
 b - a potion of magic
 e - a potion of curing {unknown}
 g - a potion of ambrosia {unknown}
 j - a potion of enlightenment {unknown}
 r - 2 potions of might {unknown}


   Skills:
 - Level 1.5 Dodging
 - Level 3.0 Stealth
 - Level 2.0 Shields
 - Level 2.0 Spellcasting
 + Level 7.9 Ice Magic


You had 6 spell levels left.
You knew the following spells:

 Your Spells              Type           Power      Damage    Failure   Level
a - Freeze                Ice            100%       1d10      1%          1
b - Frozen Ramparts       Ice            90%        1d14      3%          3

Your spell library contained the following spells:

 Spells                   Type           Power      Damage    Failure   Level
 Ozocubu's Armour         Ice            45%        N/A       3%          3
 Magic Dart               Conj           4%         1d3       26%         1
 Call Imp                 Summ           2%         N/A       36%         2
 Summon Ice Beast         Ice/Summ       24%        N/A       45%         4
 Mephitic Cloud           Conj/Pois/Air  1%         N/A       58%         3


Dungeon Overview and Level Annotations

Branches:
Dungeon (5/15)             Temple (1/1) D:4

Altars:
Ashenzari
Cheibriados
Dithmenos
Elyvilon
Fedhas
Gozag
Kikubaaqudgha
Makhleb
Nemelex Xobeh
Okawaru
Qazlal
Ru
Sif Muna
Trog
Uskayaw
Vehumet
Wu Jian
Zin
The Shining One


Innate Abilities, Weirdness & Mutations

Your serpentine skin is tough. (AC +2)
You have supernaturally acute eyesight. (SInv)
Armour fits poorly on your strangely shaped body.
Your system is resistant to poisons. (rPois)
You cover ground very slowly.
You can spit poison.
You have a snake-like lower body.


Message History

* * * LOW HITPOINT WARNING * * *
Casting: Freeze (safe; 1% risk of failure)
Confirm with . or Enter, or press ? or * to list all spells.
Aiming: Freeze (safe; 1% risk of failure)
Press: ? - help, Shift-Dir - straight line, f/p - phantom
Aim: a phantom (severely damaged)
You feel a surge of power!
You freeze the phantom.
The phantom resists.
The phantom is severely damaged.
The phantom closely misses you.
Casting: Freeze (safe; 1% risk of failure)
Confirm with . or Enter, or press ? or * to list all spells.
Aiming: Freeze (safe; 1% risk of failure)
Press: ? - help, Shift-Dir - straight line, f/p - phantom
Aim: a phantom (severely damaged)
You feel a surge of power!
You freeze the phantom but do no damage.
The phantom completely resists.
The phantom hits you but does no damage.
Casting: Freeze (safe; 1% risk of failure)
Confirm with . or Enter, or press ? or * to list all spells.
Aiming: Freeze (safe; 1% risk of failure)
Press: ? - help, Shift-Dir - straight line, f/p - phantom
Aim: a phantom (severely damaged)
You feel a surge of power!
You freeze the phantom but do no damage.
The phantom completely resists.
The phantom hits you.
* * * LOW HITPOINT WARNING * * *
The phantom blinks!
You blink.
You hit the phantom.
The phantom is almost destroyed.
The phantom hits you.
* * * LOW HITPOINT WARNING * * *
Aiming: Charm
Press: ? - help, Shift-Dir - straight line, f/p - phantom
Aim: a phantom (almost destroyed, chance to affect: 31%)
The phantom easily resists.
You block the phantom's attack.
You hit the phantom but do no damage.
The phantom is almost destroyed.
You block the phantom's attack. The phantom hits you.
You die...

######.).............#
.........#...........#
....... ##...........#
.......##............###
.....................§..
.......#.......#####....
...##..........# ##..###
. #...÷#########...# #
#..@÷.#........#.###
..##.W...#.#...####....
.........#.#.#....##...
..#.#.....#.†.#.........
#.##....#.###.#.###... #
#...........#.......
##........###.#.#..#
#.............#....#
.....>....##.###.#.##


You could see a phantom.

Vanquished Creatures
  A black bear (D:5)
  2 centaurs (D:4)
  A scorpion (D:5)
  Crazy Yiuf (D:3)
  5 adders
  A white imp (D:5)
  A worm (D:3)
  2 dart slugs
  An orc (D:3)
  5 bats
  5 endoplasms
  4 goblins
  4 hobgoblins
  16 jackals
  2 quokkas (D:2)
  6 ball pythons
  5 frilled lizards
  6 kobolds
  6 rats
  A spectral hobgoblin (D:2)
75 creatures vanquished.

Notes
Turn   | Place    | Note
-------+----------+-------------------------------------------
     0 | D:1      | Naiya55 the Naga Ice Elementalist began the quest for the
                  | Orb.
     0 | D:1      | Reached XP level 1. HP: 15/15 MP: 3/3
   156 | D:1      | Reached XP level 2. HP: 21/22 MP: 3/5
   671 | D:1      | Reached XP level 3. HP: 28/28 MP: 3/6
   814 | D:2      | Reached skill level 5 in Ice Magic
  1086 | D:2      | Found a faded altar of an unknown god.
  1283 | D:3      | Found an iron altar of Okawaru.
  1299 | D:3      | Learned a level 3 spell: Frozen Ramparts
  1299 | D:3      | Found a glowing golden altar of the Shining One.
  1499 | D:3      | Reached XP level 4. HP: 28/36 MP: 3/7
  1705 | D:3      | Found a bloodstained altar of Trog.
  1706 | D:3      | Found a burning altar of Makhleb.
  1860 | D:3      | Found a runed translucent door.
  1861 | D:3      | Noticed Crazy Yiuf
  2224 | D:3      | Killed Crazy Yiuf
  2225 | D:3      | Reached skill level 6 in Ice Magic
  2358 | D:4      | Found a shadowy altar of Dithmenos.
  2598 | D:4      | Found a blossoming altar of Fedhas.
  2752 | D:4      | Noticed a centaur
  2754 | D:4      | Reached XP level 5. HP: 25/42 MP: 4/8
  2755 | D:4      | Killed a centaur
  2873 | D:4      | Found a white marble altar of Elyvilon.
  2885 | D:4      | Found a sparkling altar of Nemelex Xobeh.
  3063 | D:4      | Noticed a centaur
  3069 | D:4      | Killed a centaur
  3070 | D:4      | Reached skill level 7 in Ice Magic
  3070 | D:4      | Reached XP level 6. HP: 23/49 MP: 3/9
  3236 | D:4      | Found a staircase to the Ecumenical Temple.
  3243 | Temple   | Entered the Ecumenical Temple
  3252 | Temple   | Became a worshipper of Cheibriados the Contemplative
  3612 | D:5      | Entered Level 5 of the Dungeon
  3705 | D:5      | Noticed a water moccasin
  3808 | D:5      | Reached skill level 1 in Shields
  3841 | D:5      | Noticed a black bear
  3854 | D:5      | Killed a black bear
  3855 | D:5      | Reached XP level 7. HP: 26/55 MP: 0/10
  4058 | D:5      | Slain by a phantom

Illustrated notes

Levels and vault maps discovered:
D:1:      shiori_arrival_maze, layout_basic, amcnicky_mini_pool_small
D:2:      layout_rooms, dreamdust_ecumenical_altar_drowned_temple
D:3:      layout_loops_cross, mainiacjoe_overflow_divided_tiny,
          jmf_multi_god_temple, st_stairs_9, uniq_crazy_yiuf_cottage
D:4:      layout_basic, mainiacjoe_overflow_brackets,
          amethyst_overflow_temple_binary, fedhas_altar_3,
          minmay_temple_entry_fiery, dk_noncrumbling_4,
          corexii_leaking_fountain, amcnicky_mini_corridor_feature
D:5:      layout_basic, serial_shops, shop, hangedman_abyss_or_decor_stabs,
          hangedman_abyss_or_decor_lesser_grid, minmay_small_thing
Temple:   nicolae_temple_ecumenical_triangle

Skill      XL: |  1  2  3  4  5  6  7 |
---------------+----------------------+-----
Ice Magic      | 5 6 7 |  7.9
Shields        | 1 2 |  2.0
Dodging        | |  1.5
Stealth        | |  3.0
Spellcasting   | |  2.0

Action                     |  1- 3 |  4- 6 |  7- 9 || total
---------------------------+-------+-------+-------++-------
  Melee: Unarmed           |     5 |       |       ||     5
         Dagger            |    12 |       |       ||    12
         Spear             |     9 |    52 |    19 ||    80
   Cast: Freeze            |    51 |    21 |    10 ||    82
         Frozen Ramparts   |       |     6 |     1 ||     7
Ability: Spit Poison       |     2 |     6 |     2 ||    10
  Evoke: Wand              |       |       |     1 ||     1
   Stab: Sleeping          |       |     2 |       ||     2
 Armour: Robe              |    47 |    72 |    25 ||   144
  Dodge: Dodged            |    28 |    59 |     9 ||    96
  Block: Buckler           |       |     2 |     8 ||    10

Table legend: (Time is in decaauts)
 A = Elapsed time spent in this place.
 B = Non-inter-level travel time spent in this place.
 C = Inter-level travel time spent in this place.
 D = Time resting spent in this place.
 E = Time spent auto-exploring this place.
 F = Levels seen in this place.
 G = Mean time per level.
                   A        B        C        D        E       F      G
               +--------+--------+--------+--------+--------+-----+--------+
         Total |   5383 |   5156 |    227 |    158 |   4028 |   6 |  897.2 |
       Dungeon |   5355 |   5142 |    213 |    158 |   4028 |   5 | 1071.0 |
        Temple |     27 |     13 |     14 |      0 |      0 |   1 |   27.0 |
               +--------+--------+--------+--------+--------+-----+--------+

Top non-repeatable levels by time:
     D:4: 1756 daAuts
     D:3: 1430 daAuts
     D:1: 965 daAuts
     D:5: 609 daAuts
     D:2: 594 daAuts
  Temple: 27 daAuts
